 Dungeon Crawl Stone Soup version 0.26.1-11-gd32895ea62 (webtiles) character file.

Game seed: 8022269347856192574

17 Descartes the Sneak (level 2, 0/15 HPs)
             Began as a Deep Elf Wanderer on June 14, 2021.
             Slain by a ball python (1 damage)
             ... on level 1 of the Dungeon.
             The game lasted 00:02:15 (614 turns).

Descartes the Sneak (Deep Elf Wanderer)              Turns: 614, Time: 00:02:16

Health: 0/15       AC:  2    Str:  8    XL:     2   Next: 44%
Magic:  2/6        EV: 12    Int: 17    God:
Gold:   33         SH:  0    Dex: 14    Spells: 3/4 levels left

rFire    . . .     SeeInvis .   a - +0 spear
rCold    . . .     Faith    .   (no shield)
rNeg     . . .     Spirit   .   d - +0 robe
rPois    .         Reflect  .   (no helmet)
rElec    .         Harm     .   (no cloak)
rCorr    .         Rampage  .   (no gloves)
Will     .....                  (no boots)
Stlth    ++........             (no amulet)
HPRegen  0.05/turn              (no ring)
MPRegen  0.10/turn              (no ring)

@: no status effects
A: no striking features
a: no special abilities


You were on level 1 of the Dungeon.
You visited 1 branch of the dungeon, and saw 1 of its levels.

You collected 33 gold pieces.

Inventory:

Hand Weapons
 a - a +0 spear (weapon)
 e - a +0 dagger
Missiles
 f - 4 stones
 i - 18 sling bullets
Armour
 d - a +0 robe (worn)
Scrolls
 c - a scroll of remove curse {unknown}
 g - a scroll of amnesia {unknown}
 j - a scroll of identify {unknown}
Potions
 b - a potion of lignification
 h - a potion of magic {unknown}


   Skills:
 - Level 2.1 Polearms
 - Level 1.2 Dodging
 - Level 3.6 Stealth
 - Level 1.5 Spellcasting
 + Level 2.4 Conjurations
 - Level 2.1 Ice Magic


You had 3 spell levels left.
You knew the following spells:

 Your Spells              Type           Power        Failure   Level
a - Magic Dart            Conj           36%          8%          1

Your spell library contained the following spells:

 Spells                   Type           Power        Failure   Level
 Blink                    Tloc           N/A          30%         2
 Call Imp                 Summ           1%           30%         2
 Slow                     Hex            1%           30%         2
 Conjure Flame            Conj/Fire      5%           36%         3
 Mephitic Cloud           Conj/Pois/Air  4%           41%         3


Dungeon Overview and Level Annotations

Branches:
Dungeon (1/15)

Altars:


Message History

You miss the jackal. The jackal closely misses you. The jackal bites you.
* * * LOW HITPOINT WARNING * * *
The ball python barely misses you. The ball python closely misses you.
The jackal bites you but does no damage.
The jackal closely misses you. The jackal completely misses you.
The jackal bites you but does no damage.
The ball python closely misses you. The ball python barely misses you.
The jackal bites you.
* * * LOW HITPOINT WARNING * * *
The jackal bites you but does no damage.
The jackal barely misses you. The jackal barely misses you.
The jackal misses you. The jackal closely misses you.
The jackal barely misses you. The ball python bites you.
* * * LOW HITPOINT WARNING * * *
The ball python closely misses you. The ball python closely misses you.
The ball python barely misses you. The jackal barely misses you.
The ball python bites you.
You die...

#.......#...........#
#$......#...........##
#......##............
#....>...............
#....................
#................#...
#................'...
####+#r..†........#...
#....@Sh..............
#...†.h...............
#.....h######.........
#...........#........#
##+#+#....#.##...#....
#......##...###..
#............. #
#...#.........
#.#................


You could see 3 jackals, a ball python and a rat.

Vanquished Creatures
  A dart slug (D:1)
  3 bats (D:1)
  A goblin (D:1)
  4 hobgoblins (D:1)
  A kobold (D:1)
  A frilled lizard (D:1)
  2 rats (D:1)
13 creatures vanquished.

Notes
Turn   | Place    | Note
-------+----------+-------------------------------------------
     0 | D:1      | Descartes the Deep Elf Wanderer began the quest for the
                  | Orb.
     0 | D:1      | Descartes set off with the following items: a +0 spear, a
                  | potion of lignification, a +0 robe, a +0 dagger; and the
                  | following spell memorised: Magic Dart; and the following
                  | spells available to memorise: Blink, Call Imp, Slow,
                  | Conjure Flame, Mephitic Cloud
     0 | D:1      | Reached XP level 1. HP: 10/10 MP: 5/5
   183 | D:1      | Reached skill level 1 in Conjurations
   331 | D:1      | Reached XP level 2. HP: 15/15 MP: 1/6
   614 | D:1      | Slain by a ball python

Illustrated notes

Levels and vault maps discovered:
D:1:      nicolae_arrival_somewhat_less_tricky_arrival, layout_basic

Skill      XL: |  1  2 |
---------------+-------+-----
Conjurations   | 1 2 |  2.4
Polearms       | |  2.1
Dodging        | |  1.2
Stealth        | |  3.6
Spellcasting   | |  1.5
Ice Magic      | |  2.1

Action                   || total
-------------------------++-------
Melee: Spear             ||    17
 Cast: Magic Dart        ||    36
Armor: Robe              ||    14
Dodge: Dodged            ||    43
